 Dungeon Crawl Stone Soup version 0.30.1-11-g7821555f0a (webtiles) character file.

Game seed: 15630100999557188341

1411 Kallu the Poker (level 8, -5/54 (64) HPs)
             Began as a Gnoll Reaver on Dec 14, 2023.
             Was a Follower of Ashenzari.
             Killed from afar by Maggie (23 damage)
             ... with a bolt of fire
             ... on level 6 of the Dungeon.
             The game lasted 00:29:28 (6691 turns).

Kallu the Poker (Gnoll Reaver)                      Turns: 6691, Time: 00:29:29

HP:   -5/54 (64)    AC:  4    Str: 11    XL:     8   Next: 70%
MP:   12/17         EV: 13    Int: 15    God:    Ashenzari [*.....]
Gold: 339           SH:  0    Dex: 11    Spells: 11/19 levels left

rFire   . . .        a - +0 flail (protect)
rCold   . . .        (no shield)
rNeg    . . .        b - +0 leather armour "Sibylline Sybil" {Cun, Comp} (curse)
rPois   .            (no helmet)
rElec   .            (no cloak)
rCorr   .            (no gloves)
SInv    +            j - +0 pair of boots of the Unveiling Heavens {Elem, Evo} (curse)
Will    .....        (no amulet)
Stlth   ++           B - ring of see invisible
HPRegen 0.29/turn    (no ring)
MPRegen 0.15/turn

%: no passive effects
@: hasted, heavily drained, very quick
A: fangs 1, strong nose, distributed training
a: Renounce Religion, Curse Item, Shatter the Chains


You were on level 6 of the Dungeon.
You worshipped Ashenzari.
Ashenzari was aware of your devotion.
You visited 1 branch of the dungeon, and saw 6 of its levels.
You also visited: Sewer.

You collected 339 gold pieces.

Inventory:

Hand Weapons
 a - a +0 flail of protection (weapon)
Missiles
 r - 4 silver javelins
 A - a throwing net
Armour
 b - the cursed +0 leather armour "Sibylline Sybil" (worn) {Cun, Comp}

   It has a curse which improves the following skills: Cunning: Dodging and
   Stealth.
   Companions: Summonings and Necromancy.
 j - the cursed +0 pair of boots of the Unveiling Heavens (worn) {Elem, Evo}
   (You found it on level 4 of the Dungeon)

   It has a curse which improves the following skills: Elements: Fire Magic, Ice
   Magic, Air Magic and Earth Magic.
   Evocations: Evocations.
Magical Staves
 g - a staff of earth
Jewellery
 B - a ring of see invisible (left hand)
Wands
 n - a wand of flame (13)
 y - a wand of acid (7)
Scrolls
 c - 4 scrolls of noise
 d - 4 scrolls of teleportation
 f - 12 scrolls of identify
 i - a scroll of fog
 k - a scroll of enchant weapon
 m - 2 scrolls of magic mapping
 o - a scroll of enchant armour
 s - 3 scrolls of fear
 t - a scroll of silence
 u - a scroll of blinking
 w - a scroll of brand weapon
 C - a scroll of poison
Potions
 e - 4 potions of resistance
 h - a potion of mutation
 l - 2 potions of haste
 p - 2 potions of curing
 q - 5 potions of heal wounds
 v - a potion of magic
 x - a potion of invisibility
 z - 2 potions of lignification


   Skills:
 + Level 5.9 Fighting
 + Level 3.6 Short Blades
 + Level 3.6 Long Blades
 + Level 3.6 Axes
 + Level 3.6 Maces & Flails
 + Level 7.5 Polearms
 + Level 3.6 Staves
 + Level 3.6 Ranged Weapons
 + Level 3.6 Throwing
 + Level 3.6 Armour
 + Level 5.9(6.7) Dodging
 + Level 3.6(4.3) Stealth
 + Level 3.6 Shields
 + Level 3.6 Unarmed Combat
 + Level 6.2 Spellcasting
 + Level 6.3 Conjurations
 + Level 3.0 Hexes
 + Level 3.0(3.7) Summonings
 + Level 3.0(3.7) Necromancy
 + Level 3.0 Translocations
 + Level 3.0 Transmutations
 + Level 3.0(3.7) Fire Magic
 + Level 3.0(3.7) Ice Magic
 + Level 3.0(3.7) Air Magic
 + Level 3.0(3.7) Earth Magic
 + Level 3.0 Poison Magic
 + Level 4.0 Invocations
 + Level 3.6(4.3) Evocations


You had 11 spell levels left.
You knew the following spells:

 Your Spells              Type           Power      Damage    Failure   Level
a - Kiss of Death         Conj/Necr      76%        2d11      2%          1
b - Momentum Strike       Conj/Tloc      36%        3d9       4%          2
c - Hailstorm             Conj/Ice       19%        3d6       7%          3
d - Searing Ray           Conj           46%        2d6       1%          2

Your spell library contained the following spells:

 Spells                   Type           Power      Damage    Failure   Level
 Magic Dart               Conj           92%        1d7       1%          1
 Necrotise                Necr           60%        1d7       4%          1
 Summon Small Mammal      Summ           60%        N/A       4%          1
 Apportation              Tloc           26%        N/A       5%          1
 Fulminant Prism          Conj/Hex       9%         3d6       26%         4
 Animate Dead             Necr           15%        N/A       36%         4
 Haunt                    Necr/Summ      7%         N/A       100%        7
 Infestation              Necr           7%         N/A       100%        8


Dungeon Overview and Level Annotations

Branches:
Dungeon (6/15)              Sewer (visited)
 Temple: D:4-7

Altars:
Ashenzari
Gozag
Sif Muna
Uskayaw
The Shining One

Shops:
D:1 !

Annotations:
D:5 Edmund
D:6 Maggie


Innate Abilities, Weirdness & Mutations

You have very sharp teeth.
Your uncanny sense of smell can sniff out nearby items.
Your experience applies equally to all skills.


Message History

Press: ? - help, Shift-Dir - straight line, f/p - Maggie
Aim: Maggie, wielding a +0 scimitar of flaming and wearing +2 acid dragon scales (78% to hit)
The searing ray hits Maggie.
Maggie is lightly wounded. (Press . to maintain the ray.)
The searing ray hits Maggie.
Maggie is lightly wounded.
The searing ray hits Maggie but does no damage.
Maggie is lightly wounded.
The searing ray hits Maggie!
Maggie is lightly wounded.
You finish channelling your searing ray.
Maggie hits you with a +0 scimitar of flaming!
Maggie burns you.
Casting: Searing Ray (safe; 1% risk of failure)
Confirm with . or Enter, or press ? or * to list all spells.
Aiming: Kiss of Death (safe; 2% risk of failure)
Press: ? - help, Shift-Dir - straight line, f/p - Maggie
Aim: Maggie, wielding a +0 scimitar of flaming and wearing +2 acid dragon scales (lightly wounded, 100% to hit)
The negative energy hits Maggie!
Maggie is drained!
Maggie is heavily wounded.
You feel drained.
Maggie hits you with a +0 scimitar of flaming!
Maggie burns you.
Okay, then.
You feel yourself speed up.
Maggie hits you with a +0 scimitar of flaming!
Maggie burns you.
Unknown command.
Press: ? - help, v - describe, . - travel
Here: Maggie, wielding a +0 scimitar of flaming and wearing +2 acid dragon scales (heavily wounded, lightly drained)
The floor, spattered with blood.
Aiming: Corrosive Bolt
Press: ? - help, Shift-Dir - straight line, f/p - Maggie
Aim: Maggie, wielding a +0 scimitar of flaming and wearing +2 acid dragon scales (heavily wounded, lightly drained, 74% to hit)
The bolt of acid hits Maggie!
Maggie is heavily wounded.
Maggie points at you and mumbles some strange words.
The bolt of fire hits you!!
You die...

###### #.# #.......# .>#
#.# ######### #.### #.#
..#.########...# #.#
#..........#.#.#####.###
##.#######.#.#.#.......#
#...#.#.###.#.#
##....#.#...#.#
#...##@##.##.#
#...##.......# ∆
#...##..#.####
#....@..#...###
#....##.#.....# ∆
#...h.......#.#
#.......#.#.#.# ..
##..........#.# ..h
#...########.#


You could see Maggie (drained).

Vanquished Creatures
  Sigmund (D:4)
  Menkaure (D:5)
  A water moccasin (D:4)
  A black bear (D:4)
  An ogre (D:5)
  A phantom (D:5)
  A scorpion (D:5)
  4 hounds
  An orc priest (D:2)
  2 jellies
  Ijyb (D:5)
  3 iguanas (D:5)
  An orc wizard (D:3)
  19 adders
  4 gnolls (D:5)
  5 river rats
  2 white imps (D:5)
  An ufetubus (D:5)
  5 worms
  3 dart slugs
  8 orcs
  6 endoplasms
  4 giant cockroaches
  3 goblins
  3 hobgoblins
  A quokka (D:2)
  13 ball pythons
  A bat (D:2)
  A frilled lizard (D:1)
  20 kobolds
  28 rats
146 creatures vanquished.

Notes
Turn   | Place    | Note
-------+----------+-------------------------------------------
     0 | D:1      | Kallu the Gnoll Reaver began the quest for the Orb.
     0 | D:1      | Reached XP level 1. HP: 20/20 MP: 6/6
   348 | D:1      | Found a faded altar of an unknown god.
   362 | D:1      | Prayed at the altar of an unknown god.
   362 | D:1      | Became a worshipper of Ashenzari the Shackled
   601 | D:1      | Found Esuonk's Distillery.
   738 | D:2      | Noticed an orc priest
   738 | D:2      | Noticed a jelly
   740 | D:2      | Reached XP level 2. HP: 26/26 MP: 7/7
   761 | D:2      | Reached skill level 5 in Spellcasting
   761 | D:2      | Reached skill level 1 in Invocations
   761 | D:2      | Reached XP level 3. HP: 26/32 MP: 7/9
   763 | D:2      | Reached skill level 1 in Short Blades
   763 | D:2      | Reached skill level 1 in Long Blades
   763 | D:2      | Reached skill level 1 in Axes
   763 | D:2      | Reached skill level 1 in Maces & Flails
   763 | D:2      | Reached skill level 1 in Staves
   763 | D:2      | Reached skill level 1 in Ranged Weapons
   763 | D:2      | Reached skill level 1 in Throwing
   763 | D:2      | Reached skill level 1 in Armour
   763 | D:2      | Reached skill level 1 in Stealth
   763 | D:2      | Reached skill level 1 in Shields
   763 | D:2      | Reached skill level 1 in Unarmed Combat
   763 | D:2      | Reached skill level 1 in Evocations
   763 | D:2      | Reached XP level 4. HP: 28/36 MP: 7/11
  1037 | D:2      | Reached skill level 1 in Hexes
  1037 | D:2      | Reached skill level 1 in Summonings
  1037 | D:2      | Reached skill level 1 in Necromancy
  1037 | D:2      | Reached skill level 1 in Translocations
  1037 | D:2      | Reached skill level 1 in Transmutations
  1037 | D:2      | Reached skill level 1 in Fire Magic
  1037 | D:2      | Reached skill level 1 in Ice Magic
  1037 | D:2      | Reached skill level 1 in Air Magic
  1037 | D:2      | Reached skill level 1 in Earth Magic
  1037 | D:2      | Reached skill level 1 in Poison Magic
  1350 | D:2      | Reached * piety under Ashenzari
  1691 | D:3      | Reached XP level 5. HP: 30/35 MP: 11/13
  2296 | D:3      | Found an opulent altar of Gozag.
  2350 | D:3      | Found a hide-covered altar of Uskayaw.
  2369 | D:3      | Found a glowing golden altar of the Shining One.
  2442 | D:3      | Found a shimmering blue altar of Sif Muna.
  2585 | D:4      | Noticed a black bear
  2596 | D:4      | Killed a black bear
  2597 | D:4      | Reached XP level 6. HP: 16/45 MP: 13/15
  2738 | D:4      | Reached skill level 5 in Fighting
  2738 | D:4      | Reached skill level 5 in Dodging
  2834 | D:4      | Learned a level 2 spell: Momentum Strike
  2838 | D:4      | Learned a level 3 spell: Hailstorm
  3506 | D:4      | Learned a level 2 spell: Searing Ray
  3595 | D:4      | Noticed Sigmund
  3600 | D:4      | Killed Sigmund
  3601 | D:4      | Reached skill level 7 in Polearms
  3601 | D:4      | Reached XP level 7. HP: 42/56 MP: 13/15
  4192 | D:5      | Entered Level 5 of the Dungeon
  4539 | D:5      | Reached XP level 8. HP: 62/63 MP: 1/16
  4541 | D:5      | Found a glowing drain.
  4548 | Sewer    | Entered a sewer
  5885 | D:5      | Noticed Ijyb
  5888 | D:5      | Killed Ijyb
  6011 | D:5      | Noticed Edmund
  6250 | D:5      | Noticed Menkaure
  6266 | D:5      | Killed Menkaure
  6676 | D:6      | Noticed Maggie
  6691 | D:6      | Killed from afar by Maggie

Illustrated notes

Levels and vault maps discovered:
D:1:      minmay_arrival_three_doors, layout_loops_ring, serial_shops,
          nicolae_shop_pleasant_corner_grove,
          ebering_ecumenical_altar_petrified, minmay_misc_feat_secret_circle,
          item_on_display_a
D:2:      layout_basic
D:3:      layout_basic, nicolae_overflow_quartered_altars
D:4:      layout_loops_ring, kennysheep_doodads, uniq_sigmund
D:5:      layout_loops_ring, lightli_sewer_entry_pipes, nicolae_half_adder,
          uniq_edmund, uniq_menkaure, uniq_ijyb
D:6:      layout_basic, general_overflow_altar, gammafunk_ghost_stat_death,
          uniq_pikel, uniq_grinder, uniq_blork_the_orc, uniq_maggie

Skill      XL: |  1  2  3  4  5  6  7  8 |
---------------+-------------------------+-----
Spellcasting   | 5 6 |  6.2
Invocations    | 1 2 3 4 |  4.0
Short Blades   | 1 2 3 |  3.6
Long Blades    | 1 2 3 |  3.6
Axes           | 1 2 3 |  3.6
Maces & Flails | 1 2 3 |  3.6
Staves         | 1 2 3 |  3.6
Ranged Weapons | 1 2 3 |  3.6
Throwing       | 1 2 3 |  3.6
Armour         | 1 2 3 |  3.6
Stealth        | 1 2 3 |  3.6
Shields        | 1 2 3 |  3.6
Unarmed Combat | 1 2 3 |  3.6
Evocations     | 1 2 3 |  3.6
Hexes          | 1 2 3 |  3.0
Summonings     | 1 2 3 |  3.0
Necromancy     | 1 2 3 |  3.0
Translocations | 1 2 3 |  3.0
Transmutations | 1 2 3 |  3.0
Fire Magic     | 1 2 3 |  3.0
Ice Magic      | 1 2 3 |  3.0
Air Magic      | 1 2 3 |  3.0
Earth Magic    | 1 2 3 |  3.0
Poison Magic   | 1 2 3 |  3.0
Fighting       | 5 |  5.9
Dodging        | 5 |  5.9
Polearms       | 7 |  7.5
Conjurations   | 6 |  6.3

Action                     |  1- 3 |  4- 6 |  7- 9 || total
---------------------------+-------+-------+-------++-------
  Melee: Spear             |    13 |   167 |       ||   180
         Bite              |     1 |    17 |     7 ||    25
         Punch             |       |     2 |     1 ||     3
         Flail             |       |    16 |   121 ||   137
  Throw: Javelin           |       |     6 |       ||     6
   Cast: Kiss of Death     |     2 |     5 |     2 ||     9
         Searing Ray       |       |       |    31 ||    31
         Hailstorm         |       |       |    11 ||    11
         Momentum Strike   |       |       |     8 ||     8
 Invoke: Curse Item        |     1 |     1 |     1 ||     3
         Shatter the Chain |       |     1 |       ||     1
  Evoke: Wand              |       |       |     2 ||     2
    Use: Scroll            |       |     1 |     1 ||     2
         Potion            |       |       |     1 ||     1
   Stab: Sleeping          |       |     4 |       ||     4
         Distracted        |       |     1 |       ||     1
 Armour: Leather armour    |       |    25 |    55 ||    80
  Dodge: Dodged            |     4 |    89 |   125 ||   218
